[Event "Titled Tuesday Blitz July 05 Early 2022"]
[White "Taspinar, Yanki"]
[Black "Svane, Frederik"]
[WhiteFideId "34561188"]
[BlackFideId "12923044"]
[WhiteElo "1549"]
[BlackElo "2459"]
[Result "1/2-1/2"]
[Round "03"]
[TimeControl "180+1"]
[Date "2022.07.05"]
[WhiteClock "0:00:14"]
[BlackClock "0:00:14"]

1. c4 c5 2. Nc3 Nc6 3. Nf3 Nf6 4. g3 e6 5. Bg2 d5 6. cxd5 exd5 7. d4 cxd4 8. Nxd4 Bc5 9. Nb3 Bb6 10. O-O d4 11. Na4 O-O 12. Bg5 h6 13. Nxb6 axb6 14. Bxf6 Qxf6 15. Bxc6 bxc6 16. Qxd4 Qd8 17. Qxd8 Rxd8 18. Rfd1 Rxd1+ 19. Rxd1 Be6 20. Nd4 Rd8 21. Rd2 Bxa2 22. b3 Bb1 23. Nf3 Rxd2 24. Nxd2 Bc2 25. f4 Kf8 26. Kf2 Ke7 27. Ke3 Kd6 28. Kd4 c5+ 29. Kc3 Bf5 30. Nc4+ Kc7 31. Ne5 f6 32. Nc4 Kc6 33. Nd2 Bg4 34. e4 b5 35. b4 Be6 36. Nf3 Ba2 37. Nd2 Bf7 38. Nf3 Bh5 39. Nh4 Bg4 40. Ng6 Be6 41. Ne7+ Kd6 42. Ng6 Bg8 43. e5+ fxe5 44. fxe5+ Ke6 45. bxc5 Bf7 46. Nf4+ Kxe5 47. Kb4 Be8 48. Ne2 Ke4 49. Nc3+ Kf3 50. Nxb5 Kg2 51. Nd6 Bd7 52. Ne4 Kxh2 53. Kc4 Kg2 54. Kd4 Kf3 55. Ke5 Bc6 56. Nd6 h5 57. Nf5 Ba8 58. Nxg7 Kxg3 59. Nxh5+ Kg4 60. Nf6+ Kg5 61. Nd7 Kg6 62. Nb6 Bg2 63. Kd6 Kf7 64. Nd5 Ke8 65. Nf4 Bf3 66. Ne6 Bh1 67. Nd4 Kd8 68. Nb5 Kc8 69. Nc3 Bg2 70. Ne2 Bh1 71. Nf4 Bf3 72. Nd3 Bg2 73. Ne5 Bh1 74. Nc6 Bg2 75. Ne7+ Kd8 76. Nf5 Bh1 77. Ke5 Bf3 78. Kd4 Kc7 79. Kc4 Bh1 80. Nd4 Bg2 81. Kb5 Bf1+ 82. Kb4 Bg2 83. Nb5+ Kd7 84. Ka5 Kc6 85. Kb4 Bh1 86. Nd4+ Kc7 87. Ne6+ Kc6 88. Nf4 Bf3 89. Nd3 Kc7 90. Ne5 Bh1 91. Kc4 Bg2 92. Kd4 Bh1 93. Nd3 Bg2 94. Nb2 Bh1 95. Na4 Bg2 96. Nc3 Bh1 97. Nb5+ Kc6 98. Nd6 Bg2 99. Nc4 Kc7 100. Ne5 Bh1 101. Kc4 Bg2 102. Kd3 Bh1 103. Ke3 Bg2 104. Kf2 Bd5 105. Ke3 Bh1 106. Ng4 Kc6 107. Kd4 Kc7 108. Ne3 Bf3 109. Nf5 1/2-1/2


[Site "https://www.chess.com"]

[Event "Titled Tuesday Blitz July 05 Early 2022"]
[White "Vachier-Lagrave, Maxime"]
[Black "Wagner, Dennis"]
[WhiteFideId "623539"]
[BlackFideId "24650684"]
[WhiteElo "2784"]
[BlackElo "2355"]
[Result "1-0"]
[Round "03"]
[TimeControl "180+1"]
[Date "2022.07.05"]
[WhiteClock "0:00:42"]
[BlackClock "0:00:04"]

1. d4 Nf6 2. Nf3 d5 3. Bf4 Bf5 4. e3 e6 5. c3 Bd6 6. Nbd2 O-O 7. Be2 Bxf4 8. exf4 Nbd7 9. Ne5 c5 10. Nb3 Qb6 11. Qc1 Rac8 12. O-O h6 13. Re1 Rfd8 14. Bf1 a5 15. dxc5 Nxc5 16. Nd4 Be4 17. Qd2 Nfd7 18. Nxd7 Rxd7 19. f3 Bg6 20. Kh1 Rdc7 21. Re3 Nd7 22. Bb5 Nf6 23. a4 Qd6 24. Re2 Nh5 25. g3 Nf6 26. Rae1 Kh7 27. g4 Nd7 28. Nxe6 fxe6 29. Rxe6 Qf8 30. Rxg6 Kxg6 31. Qd3+ Kf7 32. Qxd5+ Kg6 33. Bd3+ Kf6 34. g5+ hxg5 35. fxg5# 1-0


[Site "https://www.chess.com"]

[Event "Titled Tuesday Blitz July 05 Early 2022"]
[White "Van Foreest, Jorden"]
[Black "Domingo Nunez, Ruben"]
[WhiteFideId "1039784"]
[BlackFideId "22245570"]
[WhiteElo "2609"]
[BlackElo "2373"]
[Result "0-1"]
[Round "03"]
[TimeControl "180+1"]
[Date "2022.07.05"]
[WhiteClock "0:00:06"]
[BlackClock "0:00:17"]

1. b4 d6 2. Bb2 f5 3. c4 Nf6 4. d4 g6 5. Nf3 Bg7 6. e3 O-O 7. Be2 Qe8 8. O-O Nbd7 9. Nc3 c6 10. d5 a5 11. dxc6 bxc6 12. b5 Nc5 13. Nd4 cxb5 14. cxb5 a4 15. Bf3 Nfe4 16. Rc1 Bb7 17. Nc6 Bxc6 18. bxc6 Qxc6 19. Nd5 Ra7 20. Bxg7 Kxg7 21. Qd4+ Kg8 22. Bxe4 fxe4 23. Qxe4 Nxe4 24. Rxc6 Rb7 25. Rc2 a3 26. f3 Rb2 27. Rxb2 axb2 28. Rb1 e6 29. fxe4 exd5 30. exd5 Rb8 31. Kf2 Kf7 32. Ke2 Kf6 33. Kd3 Ke5 34. Kc3 Kxd5 35. Rxb2 Ra8 36. Rd2+ Ke4 37. Kb3 Rb8+ 38. Kc3 Ra8 39. Kb2 Ra6 40. Rf2 Kxe3 41. Rf7 d5 42. Rxh7 d4 43. Re7+ Kd2 44. Kb3 d3 45. a4 Rb6+ 46. Ka3 Kc2 47. Rc7+ Kb1 48. a5 Rb8 49. a6 d2 50. Rb7+ Kc2 51. Rc7+ Kd3 52. a7 Ra8 53. Rd7+ Ke2 54. Re7+ Kf2 55. Rd7 Rxa7+ 56. Rxa7 d1=Q 57. Ra4 Kxg2 58. h4 Qxa4+ 59. Kxa4 Kh3 60. Kb3 Kxh4 61. Kc2 Kg3 0-1


[Site "https://www.chess.com"]

[Event "Titled Tuesday Blitz July 05 Early 2022"]
[White "Xu, Yi"]
[Black "Perez Gormaz, Matias"]
[WhiteFideId "8605564"]
[BlackFideId "3406342"]
[WhiteElo "2471"]
[BlackElo "2341"]
[Result "1-0"]
[Round "03"]
[TimeControl "180+1"]
[Date "2022.07.05"]
[WhiteClock "0:00:35"]
[BlackClock "0:00:01"]

1. e4 c5 2. Nf3 e6 3. d4 cxd4 4. Nxd4 a6 5. Bd3 Bc5 6. Nb3 Ba7 7. Qe2 Nc6 8. Be3 Bxe3 9. Qxe3 Nge7 10. c4 O-O 11. Nc3 d5 12. exd5 exd5 13. O-O-O d4 14. Nxd4 Nxd4 15. Be4 Nef5 16. Bxf5 Nxf5 17. Rxd8 Nxe3 18. Rxf8+ Kxf8 19. fxe3 Be6 20. b3 b5 21. cxb5 axb5 22. Kb2 b4 23. Nb5 Rd8 24. Nd4 Bd5 25. Rg1 h5 26. g3 g6 27. Rd1 Rb8 28. Nc2 Be4 29. Rd4 Bxc2 30. Kxc2 Ke7 31. Kb2 Ke6 32. a3 bxa3+ 33. Kxa3 Ra8+ 34. Kb2 Ke5 35. b4 f5 36. b5 Rb8 37. Rb4 Kd5 38. Kc3 Kc5 39. b6 Kc6 40. b7 Kc7 41. h4 1-0


[Site "https://www.chess.com"]

[Event "Titled Tuesday Blitz July 05 Early 2022"]
[White "Zhalmakhanov, Ramazan"]
[Black "Preotu, Razvan"]
[WhiteFideId "13706357"]
[BlackFideId "2613280"]
[WhiteElo "2397"]
[BlackElo "2407"]
[Result "1-0"]
[Round "03"]
[TimeControl "180+1"]
[Date "2022.07.05"]
[WhiteClock "0:00:03"]
[BlackClock "0:00:49"]

1. e4 c5 2. Nc3 d6 3. Nge2 Nf6 4. d4 cxd4 5. Nxd4 a6 6. Bg5 e6 7. f4 Be7 8. Qf3 Qc7 9. O-O-O Nbd7 10. g4 b5 11. Bxf6 Nxf6 12. g5 Nd7 13. f5 O-O 14. Rg1 b4 15. Nce2 e5 16. f6 exd4 17. fxe7 Re8 18. Nxd4 Ne5 19. Qb3 Bg4 20. Rd2 Qc5 21. Rg3 Rxe7 22. Nf5 Bxf5 23. exf5 Nc6 24. Qd3 Re1+ 25. Rd1 Rae8 26. Bg2 Nd4 27. Rxe1 Rxe1+ 28. Kd2 Re2+ 29. Qxe2 Nxe2 30. Re3 g6 31. Re8+ Kg7 32. f6# 1-0


[Site "https://www.chess.com"]

[Event "Titled Tuesday Blitz July 05 Early 2022"]
[White "Zhigalko, Sergei"]
[Black "Lewtak, Damian"]
[WhiteFideId "13502956"]
[BlackFideId "1141724"]
[WhiteElo "2662"]
[BlackElo "2359"]
[Result "1-0"]
[Round "03"]
[TimeControl "180+1"]
[Date "2022.07.05"]
[WhiteClock "0:00:01"]
[BlackClock "0:00:06"]

1. e4 b6 2. d4 Bb7 3. Bd3 e6 4. Nf3 Ne7 5. O-O g6 6. Re1 Bg7 7. c3 d6 8. a4 a6 9. Nbd2 Nd7 10. Nf1 O-O 11. h4 e5 12. h5 d5 13. h6 Bh8 14. Bg5 f6 15. Bd2 c6 16. Ng3 Re8 17. Qb3 Kf8 18. c4 dxe4 19. Nxe4 Nf5 20. Bb4+ c5 21. dxc5 Bxe4 22. cxb6+ Ne7 23. Bxe4 Qxb6 24. Bxa8 Rxa8 25. a5 Qc7 26. Qa3 Nb8 27. Bd6 Qb7 28. Nd2 Nc6 29. Ne4 Re8 30. Rad1 Nd4 31. Nc5 Qc8 32. Rxd4 exd4 33. Ne6+ Kf7 34. Bxe7 d3 35. Qxd3 Rxe7 36. Nd8+ Ke8 37. Rxe7+ Kxe7 38. Qe4+ Kxd8 39. Qd5+ Ke7 40. b4 f5 41. g3 Bc3 42. b5 Bxa5 43. Qe5+ Kd7 44. Qg7+ Kd6 45. Qxh7 Qxc4 46. Qxg6+ Kc5 47. h7 Bc3 48. bxa6 Qa2 49. Qxf5+ Kb4 50. Qe4+ Kc5 51. Qf5+ Kb4 52. Qf4+ Kc5 53. Qg5+ Kb4 54. Qg8 Qa1+ 55. Kg2 Be5 56. Qg4+ Bd4 57. h8=Q 1-0


[Site "https://www.chess.com"]

[Event "Titled Tuesday Blitz July 05 Early 2022"]
[White "Zhou, Liran"]
[Black "Bortnyk, Olexandr"]
[WhiteFideId "30931967"]
[BlackFideId "14120828"]
[WhiteElo "2757"]
[BlackElo "2723"]
[Result "0-1"]
[Round "03"]
[TimeControl "180+1"]
[Date "2022.07.05"]
[WhiteClock "0:00:11"]
[BlackClock "0:00:04"]

1. e4 d6 2. d4 Nf6 3. Nc3 Nbd7 4. Nf3 e5 5. Bc4 Be7 6. O-O c6 7. a4 Qc7 8. h3 h6 9. Be3 g5 10. Nh2 Nf8 11. Qe2 Ne6 12. Bxe6 Bxe6 13. Rad1 a6 14. Ng4 Nxg4 15. hxg4 h5 16. gxh5 g4 17. f4 exf4 18. Rxf4 d5 19. e5 Rxh5 20. Rxg4 O-O-O 21. Rf1 Rh7 22. Qd3 Rh5 23. Qe2 c5 24. Rg8 Rxg8 25. Qxh5 cxd4 26. Bxd4 Qc4 27. Rf4 Bg5 28. Rg4 Be3+ 29. Bxe3 Qxg4 30. Qxg4 Rxg4 31. Bc5 Rc4 32. Bd6 d4 33. Ne2 Rxc2 34. Nxd4 Rxb2 35. a5 Bd5 36. Nf5 Rxg2+ 37. Kf1 Rd2 38. Ke1 Rd3 39. Bc5 Kd7 40. Ke2 Rh3 41. Nd4 Rh5 42. Bd6 f6 43. Bb8 fxe5 44. Nc2 Rh2+ 45. Kd3 Be4+ 46. Kxe4 Rxc2 47. Kxe5 Rc5+ 48. Kd4 Rxa5 0-1


[Site "https://www.chess.com"]

[Event "Titled Tuesday Blitz July 05 Early 2022"]
[White "Alinasab, Mobina"]
[Black "Svane, Rasmus"]
[WhiteFideId "12528897"]
[BlackFideId "4657101"]
[WhiteElo "2031"]
[BlackElo "2674"]
[Result "0-1"]
[Round "04"]
[TimeControl "180+1"]
[Date "2022.07.05"]
[WhiteClock "0:00:01"]
[BlackClock "0:00:06"]

1. e4 c6 2. d4 d5 3. e5 Bf5 4. Nc3 e6 5. g4 Bg6 6. Nge2 c5 7. h4 h5 8. Nf4 Bh7 9. g5 cxd4 10. Nb5 Nc6 11. Nxd4 Nxd4 12. Qxd4 Ne7 13. g6 Bxg6 14. Nxg6 fxg6 15. Bg5 Qb6 16. Qxb6 axb6 17. Be3 Nc6 18. Bb5 Bc5 19. Bf4 Kf7 20. c3 Ne7 21. Bd3 Nf5 22. Ke2 Be7 23. a4 Nxh4 24. Rag1 Nf5 25. b3 h4 26. Bd2 Rh5 27. Rh3 Rah8 28. f4 g5 29. fxg5 Kg6 30. Kf3 Bxg5 31. Be1 Kh6 32. Rg4 Be7 33. Bd2+ g5 34. b4 Kg6 35. Ke2 Kf7 36. a5 bxa5 37. bxa5 Ng3+ 38. Kd1 Nf5 39. Kc2 Rg8 40. Be2 Rhh8 41. Bd3 Bd8 42. Be2 Kg6 43. Bd3 Kh5 44. Be2 Kh6 45. Bd3 Bc7 46. Bxf5 exf5 47. Rhxh4+ Kg6 48. Rxg5+ Kf7 49. Rxh8 Rxh8 50. Rxf5+ Ke6 51. Rg5 Bxe5 52. Rg6+ Kf5 53. Rb6 Rh2 54. Kd3 Rh3+ 55. Kc2 Rh7 56. a6 bxa6 57. Rxa6 Rh2 58. Ra4 Rg2 59. Kd3 Rg3+ 60. Kc2 Rf3 61. Rb4 Rf2 62. Kd3 Rg2 63. Ra4 Rg3+ 64. Kc2 Bf6 65. Kd1 Rg2 66. Ke1 Bh4+ 67. Kd1 Bf6 68. Rb4 Rh2 69. Ra4 Rh3 70. Kc2 Rf3 71. Rb4 Rf2 72. Kd1 Rh2 73. Ra4 Be5 74. Rb4 Ke6 75. Kc2 Kd6 76. Kd3 Rh3+ 77. Kc2 Kc5 78. Ra4 Kb5 79. Rb4+ Kc5 80. Rg4 Rh2 81. Kd3 Rh3+ 82. Kc2 Rf3 83. Rh4 Bf6 84. Rg4 Rf5 85. Ra4 Kd6 86. Ra6+ Ke5 87. Ra4 Rf2 88. Kd1 Rg2 89. Ke1 Bh4+ 90. Kd1 Bf6 91. Kc2 Bg5 92. Rd4 Ke6 93. Kd1 Bxd2 94. Rxd2 Rg3 95. Kc2 Ke5 96. Re2+ Kd6 97. Rd2 Kc5 98. Rf2 Rg4 99. Re2 Kc4 100. Rf2 Rh4 101. Rg2 Rf4 102. Re2 Rf3 103. Kd2 Rd3+ 104. Kc2 Rxc3+ 105. Kd2 Ra3 106. Re8 Ra2+ 107. Kd1 Kd3 108. Kc1 d4 109. Rh8 Ra1+ 110. Kb2 Re1 111. Rh3+ Kd2 112. Rg3 d3 113. Rg2+ Re2 114. Rg8 Kd1+ 115. Kc3 d2 116. Rd8 Kc1 117. Ra8 Re3+ 0-1


[Site "https://www.chess.com"]

[Event "Titled Tuesday Blitz July 05 Early 2022"]
[White "Andreikin, Dmitry"]
[Black "Tica, Sven"]
[WhiteFideId "4158814"]
[BlackFideId "14526948"]
[WhiteElo "2736"]
[BlackElo "2346"]
[Result "1-0"]
[Round "04"]
[TimeControl "180+1"]
[Date "2022.07.05"]
[WhiteClock "0:02:32"]
[BlackClock "0:02:16"]

1. d4 g6 2. e4 Bg7 3. Nf3 d6 4. Bc4 e6 5. O-O a6 6. c3 Ne7 7. Re1 b5 8. Bb3 Bb7 9. Nbd2 Nd7 10. Nf1 c5 11. Ng3 b4 12. Bf4 Qb6 13. Ba4 Rd8 14. dxc5 dxc5 15. Ne5 Nc6 16. Nc4 Qa7 17. Nd6+ Ke7 18. Nxb7 Nde5 19. Nxd8 1-0


[Site "https://www.chess.com"]

[Event "Titled Tuesday Blitz July 05 Early 2022"]
[White "Bagrationi, Alexander"]
[Black "Livaic, Leon"]
[WhiteFideId "14104954"]
[BlackFideId "14531534"]
[WhiteElo "2398"]
[BlackElo "2540"]
[Result "0-1"]
[Round "04"]
[TimeControl "180+1"]
[Date "2022.07.05"]
[WhiteClock "0:00:10"]
[BlackClock "0:00:28"]

1. e4 Nf6 2. e5 Nd5 3. d4 d6 4. Nf3 g6 5. Be2 Bg7 6. c4 Nb6 7. b3 Nc6 8. Bb2 dxe5 9. d5 Nd4 10. Nxd4 exd4 11. Bxd4 Bxd4 12. Qxd4 O-O 13. Nc3 e6 14. O-O exd5 15. c5 Nd7 16. Nxd5 c6 17. Nf4 Qf6 18. Qxf6 Nxf6 19. Bc4 a5 20. Rfe1 g5 21. Nd3 Bf5 22. Re5 Bxd3 23. Bxd3 h6 24. Re7 Rad8 25. Bc4 Nd7 26. Rd1 Nxc5 27. Bxf7+ Kg7 28. Bc4+ Kf6 29. Rxd8 Rxd8 30. Rf7+ Kg6 31. f4 gxf4 32. Rxf4 b5 33. Bf1 Rd1 34. Rf2 Ne4 35. Rf4 Nd2 36. g3 Ra1 37. Kg2 Nxf1 38. Rxf1 Rxa2+ 39. Kf3 Rb2 40. Rc1 Rxb3+ 41. Kg2 a4 42. Rxc6+ Kf5 43. Rxh6 a3 44. Ra6 b4 45. h4 Kg4 46. Rg6+ Kh5 47. Rg5+ Kh6 48. Ra5 Rb2+ 49. Kf3 a2 50. g4 Rb3+ 51. Kf4 Ra3 0-1


[Site "https://www.chess.com"]

[Event "Titled Tuesday Blitz July 05 Early 2022"]
[White "Barp, Alberto"]
[Black "Jones, Gawain C B"]
[WhiteFideId "872555"]
[BlackFideId "409561"]
[WhiteElo "2229"]
[BlackElo "2657"]
[Result "0-1"]
[Round "04"]
[TimeControl "180+1"]
[Date "2022.07.05"]
[WhiteClock "0:00:09"]
[BlackClock "0:00:37"]

1. d4 Nf6 2. c4 g6 3. g3 Bg7 4. Bg2 c5 5. Nf3 O-O 6. O-O d6 7. Nc3 Nc6 8. dxc5 dxc5 9. Bf4 Nh5 10. Be3 b6 11. Qc1 Bb7 12. Rd1 Qe8 13. Bh6 Bxh6 14. Qxh6 f6 15. Nd5 Rd8 16. b3 Ng7 17. e3 Nf5 18. Qf4 e6 19. Nc3 g5 20. Rxd8 Qxd8 21. Qe4 Qe7 22. Qc2 g4 23. Ne1 Ne5 24. Rd1 Bxg2 25. Kxg2 Rd8 26. Rxd8+ Qxd8 27. h3 h5 28. hxg4 hxg4 29. Ne2 Qa8+ 30. Kg1 Kf7 31. Nf4 Qd8 32. Ned3 Nf3+ 33. Kf1 Qh8 34. Qd1 Qh2 35. Ne1 Nxg3+ 36. fxg3 Nd2+ 37. Qxd2 Qxd2 0-1


[Site "https://www.chess.com"]

[Event "Titled Tuesday Blitz July 05 Early 2022"]
[White "Barria Zuniga, Daniel"]
[Black "Timofeev, Artyom"]
[WhiteFideId "3400816"]
[BlackFideId "4140419"]
[WhiteElo "2414"]
[BlackElo "2578"]
[Result "0-1"]
[Round "04"]
[TimeControl "180+1"]
[Date "2022.07.05"]
[WhiteClock "0:00:03"]
[BlackClock "0:00:16"]

1. d4 Nf6 2. c4 g6 3. Nc3 d5 4. Bf4 Bg7 5. e3 c5 6. dxc5 Qa5 7. Rc1 Be6 8. Nf3 Nc6 9. Ng5 O-O 10. Be2 Ne4 11. Nxe6 fxe6 12. O-O Bxc3 13. bxc3 Nxc3 14. Qc2 d4 15. Bg4 e5 16. Bh6 Rf6 17. Bg5 Rff8 18. exd4 exd4 19. Rfe1 Qxc5 20. h4 e5 21. Bh6 Rf6 22. Bg5 Rd6 23. Qd3 Rf8 24. f3 h5 25. Bh3 Kg7 26. Kh1 Rf7 27. Rc2 Nb4 28. Qd2 Nxc2 29. Qxc2 Ra6 30. Qf2 e4 31. Qg3 e3 32. f4 Ne4 33. Qf3 Nxg5 34. hxg5 Rxa2 35. Qe4 Re7 36. Qf3 Qc6 37. Qg3 Qe4 38. f5 gxf5 39. Rf1 e2 40. Re1 f4 41. Qh4 f3 42. Qxh5 Qg6 43. Qh4 fxg2+ 44. Kxg2 Qe4+ 45. Qxe4 Rxe4 46. Kf3 Re3+ 47. Kf4 Rxh3 0-1


[Site "https://www.chess.com"]

[Event "Titled Tuesday Blitz July 05 Early 2022"]
[White "Bazeev, German"]
[Black "Fedoseev, Vladimir"]
[WhiteFideId "24119350"]
[BlackFideId "24130737"]
[WhiteElo "2493"]
[BlackElo "2726"]
[Result "0-1"]
[Round "04"]
[TimeControl "180+1"]
[Date "2022.07.05"]
[WhiteClock "0:00:59"]
[BlackClock "0:00:26"]

1. d4 Nf6 2. Nf3 g6 3. a4 Bg7 4. g3 O-O 5. Bg2 c5 6. dxc5 Na6 7. O-O Nxc5 8. Be3 d6 9. c3 Qc7 10. Nbd2 Be6 11. a5 a6 12. Nd4 Bd5 13. Rc1 Bxg2 14. Kxg2 Nd5 15. Nc4 Nd7 16. Qa4 Rfc8 17. Rfd1 Qxc4 18. Qxd7 Nxe3+ 19. fxe3 Rc7 20. Qg4 e5 21. b3 Qd5+ 22. Nf3 Qxb3 23. Qe4 Rd8 24. Rb1 Qxc3 25. Rdc1 Qxa5 0-1


[Site "https://www.chess.com"]

[Event "Titled Tuesday Blitz July 05 Early 2022"]
[White "Bortnyk, Olexandr"]
[Black "Xu, Yi"]
[WhiteFideId "14120828"]
[BlackFideId "8605564"]
[WhiteElo "2723"]
[BlackElo "2471"]
[Result "1/2-1/2"]
[Round "04"]
[TimeControl "180+1"]
[Date "2022.07.05"]
[WhiteClock "0:00:12"]
[BlackClock "0:00:08"]

1. d4 Nf6 2. Nc3 d5 3. Bf4 a6 4. e3 e6 5. a3 c5 6. Nf3 Nc6 7. h3 Bd6 8. dxc5 Bxc5 9. Bd3 Bd6 10. Bxd6 Qxd6 11. O-O O-O 12. e4 d4 13. Ne2 e5 14. Ng3 Be6 15. Nh4 Rfe8 16. Qd2 Rad8 17. f4 exf4 18. Rxf4 Kh8 19. Raf1 Ng8 20. e5 Nxe5 21. Ngf5 Qf8 22. Nxd4 Rd6 23. Nhf5 Bxf5 24. Nxf5 Rdd8 25. Kh1 Nxd3 26. cxd3 f6 27. d4 Ne7 28. Ng3 Nd5 29. R4f3 Qf7 30. Qf2 Re6 31. Nf5 Rde8 32. Qg3 Qd7 33. b4 g6 34. Nh6 f5 35. Nxf5 gxf5 36. Rxf5 Re1 37. Kh2 Rxf1 38. Rxf1 Qc7 39. Qxc7 Nxc7 40. Rf7 Nb5 41. d5 Rd8 42. Rxb7 Rxd5 43. a4 Nc3 44. a5 Rb5 45. Rb6 Nd5 46. Rxa6 Nxb4 47. Rb6 Rxb6 48. axb6 Nc6 49. b7 Kg7 50. Kg3 Kg6 51. Kg4 h5+ 52. Kf4 Kf6 53. h4 Nb8 54. Ke4 Ke6 55. Kf4 Kf6 56. g3 Nc6 57. Ke4 Nb8 58. Kf4 Nc6 59. g4 hxg4 60. Kxg4 Kg6 61. h5+ Kh6 62. Kh4 Nb8 63. Kg4 Nc6 64. Kf5 Kxh5 65. Ke4 Nb8 66. Kd5 Kg5 67. Kc5 Kf5 68. Kb6 Ke6 69. Kc7 Na6+ 70. Kc6 Nb8+ 71. Kb6 Kd6 72. Kb5 Kc7 73. Kc4 Kxb7 1/2-1/2


[Site "https://www.chess.com"]

[Event "Titled Tuesday Blitz July 05 Early 2022"]
[White "Cherniaiev, Tykhon"]
[Black "Maghsoodloo, Parham"]
[WhiteFideId "14182360"]
[BlackFideId "12539929"]
[WhiteElo "2263"]
[BlackElo "2607"]
[Result "1-0"]
[Round "04"]
[TimeControl "180+1"]
[Date "2022.07.05"]
[WhiteClock "0:00:03"]
[BlackClock "0:00:02"]

1. Nf3 d5 2. d4 Nf6 3. c4 e6 4. g3 Bb4+ 5. Bd2 a5 6. Qc2 b6 7. Bg2 O-O 8. O-O Ba6 9. a3 Bxd2 10. Nbxd2 c6 11. Rfd1 Nbd7 12. Rac1 b5 13. c5 b4 14. e4 Rb8 15. e5 Ne8 16. a4 f6 17. exf6 gxf6 18. Re1 Ng7 19. Bh3 Re8 20. Nh4 e5 21. Nb3 e4 22. Nxa5 Qc7 23. Qd2 Nf8 24. Nb3 Ng6 25. Nf5 Bc8 26. Nxg7 Kxg7 27. Bxc8 Qxc8 28. Qe2 f5 29. f4 exf3 30. Qxf3 Re4 31. a5 Qe6 32. Rxe4 dxe4 33. Qe3 f4 34. gxf4 Rg8 35. Kh1 Kh8 36. Nd2 Re8 37. a6 Nh4 38. a7 Qd7 39. d5 Nf5 40. Qxe4 Rxe4 41. a8=Q+ Re8 42. Qxc6 Qf7 43. Nf3 Rf8 44. Ne5 Qh5 45. Rg1 1-0


[Site "https://www.chess.com"]

[Event "Titled Tuesday Blitz July 05 Early 2022"]
[White "Domingo Nunez, Ruben"]
[Black "Niemann, Hans Moke"]
[WhiteFideId "22245570"]
[BlackFideId "2093596"]
[WhiteElo "2373"]
[BlackElo "2632"]
[Result "1/2-1/2"]
[Round "04"]
[TimeControl "180+1"]
[Date "2022.07.05"]
[WhiteClock "0:00:15"]
[BlackClock "0:00:08"]

1. c4 e5 2. Nc3 Nf6 3. g3 Bb4 4. Bg2 O-O 5. Qc2 Re8 6. a3 Bxc3 7. Qxc3 d5 8. cxd5 Nxd5 9. Qc2 Nc6 10. d3 Nd4 11. Qd1 Bg4 12. h3 Bh5 13. g4 Bg6 14. Nf3 Nf4 15. Bxf4 exf4 16. Nxd4 Qxd4 17. O-O c6 18. Bf3 Qxb2 19. Rb1 Qxa3 20. Rxb7 Qd6 21. Qc2 h6 22. Ra1 a5 23. Rb6 Qd4 24. Rab1 a4 25. R6b4 Qa7 26. Bxc6 Rac8 27. Rxa4 Qe7 28. Rxf4 Qxe2 29. Qxe2 Rxe2 30. Be4 Bxe4 31. dxe4 f6 32. Kf1 Ra2 33. Rb7 Rc4 34. Kg2 Raa4 35. Kg3 Rc3+ 36. Rf3 Rxf3+ 37. Kxf3 Ra3+ 38. Kg2 Rd3 39. h4 Kf8 40. h5 Rd4 41. Kf3 Rd2 42. Ke3 Ra2 43. f3 Ra3+ 44. Kf4 Ra5 45. Rd7 Rb5 46. Rd5 Rb7 47. e5 fxe5+ 48. Kxe5 Re7+ 49. Kd4 Kg8 50. Re5 Rd7+ 51. Ke4 Ra7 52. f4 Kh7 53. Kf5 Rf7+ 54. Ke4 Ra7 55. Rd5 Ra4+ 56. Rd4 Ra7 57. Kf3 Rf7 58. Ra4 Rc7 59. Ra3 Rc4 60. Kg3 Rc5 61. Re3 Rb5 62. Kh4 Rb4 63. Rf3 Re4 64. Kg3 Rb4 65. Re3 Rb5 66. f5 Rb4 67. Kf3 Rb6 68. Kf4 Rb4+ 69. Re4 Rb6 70. Re6 Rb4+ 71. Kf3 Rb7 72. Rg6 Rb3+ 73. Kf4 Rb4+ 74. Ke5 Rb5+ 75. Ke4 Rb7 76. f6 gxf6 77. Kf5 Rb5+ 78. Kxf6 Rb6+ 79. Kf5 Rb5+ 80. Kf4 Rb4+ 81. Ke5 Rb5+ 82. Kd4 Rb4+ 83. Ke3 Rb3+ 84. Kf2 Rb7 85. Rf6 Re7 86. Kg3 Rb7 87. Kh4 Rb4 88. Ra6 Kg7 89. Ra7+ Kg8 90. Kg3 Rc4 91. Kf3 Rb4 92. Rc7 Ra4 93. Rb7 Rc4 94. Kg3 Ra4 95. Re7 Kh8 96. Kf3 Kg8 97. Re4 Ra3+ 98. Kf4 Ra5 99. Re7 Rb5 100. Re5 Rb6 101. Kf5 Kf7 102. Ra5 Rf6+ 103. Ke5 Re6+ 104. Kf4 Rb6 105. Ra7+ Kg8 106. Kf5 Rc6 107. Re7 Rc5+ 108. Kf6 Rg5 109. Re8+ Kh7 110. Re7+ Kh8 111. Re4 Kh7 112. Ke6 Kg7 113. Rf4 Kg8 114. Rf6 Kg7 115. Rf7+ Kg8 116. Rf4 Kg7 117. Ra4 Kg8 118. Ke7 Kh7 119. Kf6 Kg8 120. Re4 Kh7 121. Kf7 Rg7+ 122. Kf8 Rg5 123. Re7+ Kh8 124. Re6 Kh7 125. Re4 Rg8+ 126. Kf7 Rg7+ 127. Kf6 Rg5 1/2-1/2


[Site "https://www.chess.com"]

[Event "Titled Tuesday Blitz July 05 Early 2022"]
[White "Dubov, Daniil"]
[Black "Jubin Jimmy"]
[WhiteFideId "24126055"]
[BlackFideId "46686614"]
[WhiteElo "2791"]
[BlackElo "2219"]
[Result "1-0"]
[Round "04"]
[TimeControl "180+1"]
[Date "2022.07.05"]
[WhiteClock "0:00:05"]
[BlackClock "0:00:12"]

1. c4 e6 2. Nc3 d5 3. d4 Nf6 4. cxd5 exd5 5. Bg5 Be7 6. e3 O-O 7. Bd3 c6 8. Nge2 Nbd7 9. O-O Re8 10. Qc2 h6 11. Bh4 Nf8 12. Rad1 Be6 13. h3 Nh5 14. Bxe7 Qxe7 15. Nc1 Bd7 16. Nb3 Ne6 17. f4 Qh4 18. Qf2 Qxf2+ 19. Kxf2 Nf6 20. g4 Re7 21. Nd2 Ne8 22. Nf3 Nd6 23. h4 Rae8 24. g5 h5 25. Ne5 Nf8 26. Nxd7 Nxd7 27. Rfe1 f5 28. Nb1 g6 29. Nd2 Kf7 30. Nf3 Ne4+ 31. Kg2 Ke6 32. Rc1 Nb6 33. Ne5 Rg7 34. Bxe4 fxe4 35. b3 Kf5 36. Rc2 Nd7 37. Nxd7 Rxd7 38. Kg3 Rc7 39. Rec1 Rec8 40. b4 b6 41. a4 a6 42. b5 axb5 43. axb5 c5 44. dxc5 Rxc5 45. Rxc5 bxc5 46. b6 c4 47. Rb1 Ke6 48. b7 Rb8 49. Rb6+ Kd7 50. f5 c3 51. Rb3 c2 52. Rc3 Rxb7 53. Rxc2 gxf5 54. Kf4 Rb3 55. g6 d4 56. Rg2 Rb8 57. g7 Rg8 58. exd4 Ke6 59. d5+ Kxd5 60. Kxf5 e3 61. Kf6 Ke4 62. Kf7 Ra8 63. g8=Q Rxg8 64. Rxg8 e2 65. Re8+ Kf3 66. Kg6 1-0


[Site "https://www.chess.com"]

[Event "Titled Tuesday Blitz July 05 Early 2022"]
[White "Ezat, Mohamed"]
[Black "Van Foreest, Jorden"]
[WhiteFideId "10600906"]
[BlackFideId "1039784"]
[WhiteElo "2386"]
[BlackElo "2609"]
[Result "0-1"]
[Round "04"]
[TimeControl "180+1"]
[Date "2022.07.05"]
[WhiteClock "0:01:28"]
[BlackClock "0:02:39"]

1. d4 g6 2. c4 Bg7 3. e4 Nc6 4. d5 Nd4 5. Nc3 d6 6. Be3 c5 7. Nge2 Nxe2 8. Bxe2 e5 9. h4 h5 10. g3 Bh6 11. Qd2 Bxe3 12. Qxe3 Nf6 13. O-O O-O 14. Rab1 a5 15. a3 a4 16. Qh6 Re8 17. f4 Bg4 18. fxe5 Rxe5 19. Rbe1 Bxe2 20. Rxe2 Ng4 21. Qf4 Qe7 22. Kh1 Re8 23. Kg1 f5 24. Rfe1 Rf8 25. exf5 Rfxf5 26. Rxe5 Nxe5 27. Qh6 Nf3+ 0-1


[Site "https://www.chess.com"]

[Event "Titled Tuesday Blitz July 05 Early 2022"]
[White "Garcia Ramos, Daniel"]
[Black "Deac, Bogdan-Daniel"]
[WhiteFideId "32010311"]
[BlackFideId "1226380"]
[WhiteElo "2268"]
[BlackElo "2648"]
[Result "0-1"]
[Round "04"]
[TimeControl "180+1"]
[Date "2022.07.05"]
[WhiteClock "0:01:54"]
[BlackClock "0:02:04"]

1. e4 c6 2. d4 d5 3. Nc3 a6 4. h3 b5 5. e5 Bf5 6. Nf3 e6 7. Bd3 Bxd3 8. Qxd3 c5 9. O-O Nc6 10. dxc5 Bxc5 11. a3 Nge7 12. Bg5 Qc7 13. b4 Bb6 14. Rfe1 Ng6 15. Rad1 O-O 16. h4 Ncxe5 17. Nxe5 Nxe5 18. Qg3 Ng6 19. Qf3 h6 20. h5 hxg5 21. hxg6 fxg6 22. Nxd5 exd5 23. Qxd5+ Qf7 24. Re2 Rad8 25. Qxf7+ Kxf7 26. Rde1 Rfe8 27. Kf1 Rxe2 0-1


[Site "https://www.chess.com"]

[Event "Titled Tuesday Blitz July 05 Early 2022"]
[White "Gracia Alvarez, Gerardo Antonio"]
[Black "Naroditsky, Daniel"]
[WhiteFideId "5109124"]
[BlackFideId "2026961"]
[WhiteElo "2139"]
[BlackElo "2608"]
[Result "0-1"]
[Round "04"]
[TimeControl "180+1"]
[Date "2022.07.05"]
[WhiteClock "0:00:37"]
[BlackClock "0:01:38"]

1. e4 e5 2. Nf3 Nc6 3. d4 exd4 4. Nxd4 Bc5 5. Nb3 Bb6 6. Nc3 Nf6 7. Bg5 O-O 8. Qe2 h6 9. Bh4 d6 10. O-O-O Re8 11. f3 Be6 12. Kb1 a5 13. a4 Nb4 14. Bf2 c6 15. Nd4 d5 16. e5 Nd7 17. f4 Bxd4 18. Bxd4 Bf5 19. Rd2 c5 20. Bf2 d4 21. Ne4 Nxe5 22. fxe5 Rxe5 23. Qc4 Bxe4 24. Bg3 Qg5 25. Rf2 Bd5 0-1


[Site "https://www.chess.com"]